 Dungeon Crawl Stone Soup version 0.22-a0-460-g49b1da7e92 (webtiles) character file.

2662 Oravi the Ruffian (level 9, 0/72 HPs)
             Began as a Ghoul Earth Elementalist on June 9, 2018.
             Was a Believer of Vehumet.
             Slain by an orc warrior
             ... wielding a +0 halberd
              (14 damage)
             ... in a bailey.
             The game lasted 00:40:40 (8889 turns).

Oravi the Ruffian (Ghoul Earth Elementalist)        Turns: 8889, Time: 00:40:41

Health: 0/72       AC:  5    Str: 12    XL:     9   Next: 63%
Magic:  2/16       EV: 13    Int: 17    God:    Vehumet [**....]
Gold:   351        SH:  0    Dex: 11    Spells: 13/19 levels left

rFire    . . .     SeeInvis .     - Unarmed
rCold    + . .     Gourm    .   (no shield)
rNeg     + + +     Faith    .   q - +2 animal skin
rPois    ∞         Spirit   .   r - +0 helmet
rElec    .         Reflect  .   (no cloak)
rCorr    .         Harm     .   (no gloves)
MR       .....                  (no boots)
Stlth    ++........             b - amulet of regeneration
HPRegen  0.00/turn              n - +4 ring of intelligence
MPRegen  0.15/turn              p - +2 ring of dexterity

@: rotting
A: rotting body, claws 1, carnivore, cold resistance 1, negative energy
resistance 3, inhibited regeneration, torment resistance, unbreathing
a: Renounce Religion


You were in a bailey.
You worshipped Vehumet.
Vehumet was pleased with you.
You were not hungry.

You visited 2 branches of the dungeon, and saw 9 of its levels.
You also visited: Bailey.

You collected 467 gold pieces.
You spent 116 gold pieces at shops.

Inventory:

Hand Weapons
 F - a +2 spear of flaming
Missiles
 A - 60 stones (quivered)
Armour
 c - the cursed +0 leather armour of Aniephul {rF+ rC+ Dex+2, unknown}
   (You found it on level 4 of the Dungeon)

   It affects your dexterity (+2).
   It protects you from fire.
   It protects you from cold.
   It has a curse placed upon it.
 q - a +2 animal skin (worn)
 r - a +0 helmet (worn)
Jewellery
 b - an amulet of regeneration (around neck)
 n - a +4 ring of intelligence (left claw)
 o - a +5 ring of strength {unknown}
 p - a +2 ring of dexterity (right claw)
Wands
 h - a wand of iceblast (10)
 t - a wand of polymorph (4)
 u - a wand of clouds (3)
 y - a wand of paralysis (10)
 H - a wand of flame (19)
 J - a wand of scattershot (6)
Scrolls
 f - 9 scrolls of identify
 g - a scroll of fear
 i - 3 scrolls of teleportation
 j - a scroll of enchant weapon
 k - 2 scrolls of blinking {unknown}
 l - 3 scrolls of magic mapping {unknown}
 s - a scroll of enchant armour
 x - a scroll of amnesia
 z - a scroll of acquirement {unknown}
 G - a scroll of remove curse
Potions
 a - 3 potions of lignification
 e - 3 potions of flight
 m - 8 potions of curing
 v - 4 potions of mutation
 B - 3 potions of haste
 C - 2 potions of brilliance {unknown}
 D - a potion of cancellation {unknown}
 E - a potion of invisibility {unknown}
 K - a potion of agility {unknown}
Comestibles
 d - 15 rations
 I - 10 chunks of flesh


   Skills:
 + Level 4.5 Fighting
 + Level 4.2 Dodging
 - Level 2.1 Stealth
 + Level 6.5 Unarmed Combat
 + Level 5.8 Spellcasting
 - Level 3.5 Conjurations
 - Level 0.8 Transmutations
 - Level 6.3 Earth Magic


You had 13 spell levels left.
You knew the following spells:

 Your Spells              Type           Power        Failure   Level  Hunger
a - Sandblast             Erth           ####..       1%          1    None
b - Passwall              Tmut/Erth      ###.....     4%          2    #......
c - Stone Arrow           Conj/Erth      ###...       5%          3    ##.....

Your spell library contained the following spells:

 Spells                   Type           Power        Failure   Level  Hunger
 Spider Form              Tmut/Pois      #.........   32%         3    ##.....
 Blade Hands              Tmut           #.........   95%         5    ######.
 Ice Form                 Ice/Tmut       #.......     73%         4    ####...
 Sticks to Snakes         Tmut           #.......     14%         2    #......
 Lee's Rapid Deconstruct  Erth           ####......   26%         5    ######.
 Petrify                  Tmut/Erth      ###.....     30%         4    ####...
 Beastly Appendage        Tmut           #.....       10%         1    None


Dungeon Overview and Level Annotations

Branches:
Dungeon (8/15)             Temple (1/1) D:6
   Lair: D:8-11

Altars:
Ashenzari
Cheibriados
Dithmenos
Elyvilon
Fedhas
Gozag
Kikubaaqudgha
Makhleb
Nemelex Xobeh
Okawaru
Qazlal
Ru
Sif Muna
Trog
Uskayaw
Vehumet
Wu Jian
Xom
Yredelemnul
Zin
The Shining One

Shops:
D:4 *


Innate Abilities, Weirdness & Mutations

Your body is rotting away.
You thrive on raw meat.
You are immune to poison.
You have sharp fingernails.
You are carnivorous and can eat meat at any time.
Your flesh is cold resistant. (rC+)
You are immune to negative energy. (rN+++)
You do not regenerate when monsters are visible.
You are immune to unholy pain and torment.
You can survive without breathing.


Message History

The orc warrior hits you with a halberd.
The orc hits you from afar with a trident.
* * * LOW HITPOINT WARNING * * *
The orc shouts!
You scratch the orc but do no damage. The orc barely misses you.
The orc closely misses you.
You scratch the orc.
You kill the orc!
Vehumet accepts your kill.
You feel your power returning. The orc closely misses you.
The orc warrior hits you with a halberd.
* * * LOW HITPOINT WARNING * * *
The orc hits you but does no damage. The orc closely misses you.
The orc warrior hits you with a halberd.
* * * LOW HITPOINT WARNING * * *
Things that are here:
a trident; a chain mail; a hand axe The orc barely misses you.
The orc hits you but does no damage.
The orc warrior hits you with a halberd!
You die...

.......
..... ...
##)##
#...#
#o..#
#oo(#
#)o)#
###@###
##.....##
#.......#
#.......#
#.......#
#.......#
#.......#
#)......#
#)))....#


You could see an orc warrior and 3 orcs.

Vanquished Creatures
  Sigmund (D:2)
  A wyvern (D:8)
  A steam dragon (D:7)
  A water moccasin (D:8)
  An orc warrior (D:8)
  A sky beast (D:4)
  2 ogres (D:4)
  2 phantoms
  5 centaurs
  4 bullfrogs
  A scorpion (D:8)
  A bullfrog zombie (D:7)
  2 howler monkeys (D:4)
  A hound (D:7)
  3 orc wizards
  A bullfrog skeleton (D:7)
  4 orc priests
  2 centaur skeletons
  Ijyb (D:4)
  2 iguanas
  5 worker ants
  A killer bee zombie (D:5)
  A hound zombie (D:6)
  A howler monkey zombie (D:6)
  Robin (D:2)
  3 gnolls
  3 adders
  A howler monkey skeleton (D:7)
  2 shadow imps
  2 oozes
  2 adder skeletons
  A dart slug (D:1)
  6 leopard geckos
  37 orcs
  4 giant cockroaches
  17 goblins
  9 hobgoblins
  3 jackals (D:7)
  7 kobolds
  2 quokkas (D:4)
  A ball python (D:2)
  9 bats
  4 frilled lizards
  2 quokka skeletons
  4 rats
165 creatures vanquished.

Notes
Turn   | Place    | Note
-------+----------+-------------------------------------------
     0 | D:1      | Oravi the Ghoul Earth Elementalist began the quest for the Orb.
     0 | D:1      | Reached XP level 1. HP: 14/14 MP: 2/2
   485 | D:1      | Reached XP level 2. HP: 19/19 MP: 2/4
   932 | D:1      | Reached XP level 3. HP: 26/26 MP: 2/5
   936 | D:1      | Learned a level 2 spell: Passwall
   940 | D:1      | Learned a level 3 spell: Stone Arrow
  1375 | D:2      | Noticed Robin
  1922 | D:2      | Killed Robin
  1988 | D:2      | Reached XP level 4. HP: 33/33 MP: 1/6
  2478 | D:2      | Noticed Sigmund
  2495 | D:2      | Killed Sigmund
  2495 | D:2      | Reached skill level 1 in Conjurations
  2495 | D:2      | Reached XP level 5. HP: 11/38 MP: 1/8
  2495 | D:2      | Reached XP level 6. HP: 14/45 MP: 1/9
  3769 | D:4      | Found Nunn's Assorted Antiques.
  3793 | D:4      | Noticed a phantom
  3796 | D:4      | Reached skill level 5 in Earth Magic
  3805 | D:4      | Killed a phantom
  3808 | D:4      | Bought a scroll labeled OPLATO LOCUR for 20 gold pieces
  3808 | D:4      | Bought a fuming orange potion for 18 gold pieces
  3808 | D:4      | Bought a scroll labeled VOLUW GIECEY for 20 gold pieces
  3808 | D:4      | Bought a scroll labeled IMEIZU FYGEV for 20 gold pieces
  3808 | D:4      | Bought a scroll labeled IMEIZU FYGEV for 20 gold pieces
  3808 | D:4      | Bought a glowing brown potion for 18 gold pieces
  3847 | D:4      | Reached XP level 7. HP: 18/46 MP: 2/11
  4229 | D:4      | Got a bloodstained leather armour
  4613 | D:4      | Noticed Ijyb
  4625 | D:4      | Killed Ijyb
  4769 | D:4      | Reached XP level 8. HP: 27/57 MP: 2/13
  4939 | D:5      | Entered Level 5 of the Dungeon
  5736 | D:6      | Reached skill level 1 in Fighting
  6391 | D:6      | Found a staircase to the Ecumenical Temple.
  6438 | D:6      | Reached skill level 5 in Unarmed Combat
  6478 | Temple   | Entered the Ecumenical Temple
  6714 | Temple   | Became a worshipper of Vehumet
  6949 | D:7      | Reached skill level 5 in Spellcasting
  7104 | D:7      | Reached XP level 9. HP: 56/69 MP: 6/15
  7653 | D:7      | Reached * piety under Vehumet
  7653 | D:7      | Offered knowledge of Shock by Vehumet.
  8587 | D:8      | Found a flagged portal.
  8593 | Bailey   | Entered a bailey
  8874 | Bailey   | Reached ** piety under Vehumet
  8876 | Bailey   | Offered knowledge of Freeze by Vehumet.
  8884 | Bailey   | HP: 2/71 [orc/trident (2)]
  8889 | Bailey   | Slain by an orc warrior

Vault maps used:
D:1:      lightli_arrival_boilingwater
D:2:      uniq_sigmund, uniq_robin
D:4:      first_ration, serial_shops, shop, uniq_ijyb
D:6:      minmay_temple_entry_statues_pillars
D:7:      kennysheep_steamy
D:8:      enter_bailey_3
Temple:   nicolae_temple_the_god_donut
Bailey:   bailey_polearm_5, bailey

Skill      XL: |  1  2  3  4  5  6  7  8  9 |
---------------+----------------------------+-----
Spellcasting   | 2 3 4 5 |  5.8
Earth Magic    | 4 5 6 |  6.3
Unarmed Combat | 2 3 4 5 6 |  6.5
Conjurations   | 1 2 3 |  3.5
Dodging        | 3 4 |  4.2
Fighting       | 3 4 |  4.5
Stealth        | |  2.1
Transmutations | |  0.8

Action                   |  1- 3 |  4- 6 |  7- 9 || total
-------------------------+-------+-------+-------++-------
Melee: Unarmed           |    40 |    69 |    96 ||   205
       Punch             |       |       |     2 ||     2
Throw: Stone             |    49 |     3 |    14 ||    66
 Cast: Sandblast         |    45 |    28 |   135 ||   208
       Stone Arrow       |     2 |     2 |    79 ||    83
  Use: Scroll            |       |    14 |     3 ||    17
       Potion            |       |       |     2 ||     2
 Stab: Sleeping          |       |     1 |       ||     1
  Eat: Chunk             |     5 |     9 |    24 ||    38
       Ration            |       |       |     1 ||     1
Armor: Robe              |     4 |       |       ||     4
       Animal skin       |       |    26 |    44 ||    70
Dodge: Dodged            |    38 |    43 |   171 ||   252

Table legend:
 A = Spawn XP
 B = Non-spawn XP
 C = Spawn XP percentage of total XP
 D = Spawn monster count
 E = Non-spawn monster count
 F = Spawn count percentage of total count
 G = Total turns spent on level
                    A         B        C        D         E        F      G
               +---------+---------+-------+---------+---------+-------+---------
         Total |       0 |    3804 |   0.0 |       0 |     165 |   0.0 |  8889
               +---------+---------+-------+---------+---------+-------+---------
           D:1 |       0 |      39 |   0.0 |       0 |      25 |   0.0 |  1244
           D:2 |       0 |     281 |   0.0 |       0 |      24 |   0.0 |  1895
           D:3 |       0 |      47 |   0.0 |       0 |       6 |   0.0 |   687
           D:4 |       0 |    1007 |   0.0 |       0 |      29 |   0.0 |  1358
           D:5 |       0 |     261 |   0.0 |       0 |      10 |   0.0 |   590
           D:6 |       0 |     498 |   0.0 |       0 |      18 |   0.0 |   922
           D:7 |       0 |     990 |   0.0 |       0 |      21 |   0.0 |  1241
           D:8 |       0 |     621 |   0.0 |       0 |      12 |   0.0 |   409
        Bailey |       0 |      60 |   0.0 |       0 |      20 |   0.0 |   296
               +---------+---------+-------+---------+---------+-------+---------
